Map: Forêt cybernétique EC

Players

Okaneby

  • Race: Terran Terran
  • League: Master
  • Spawn Location: 5:00

zuka - Winner!

  • Race: Protoss Protoss
  • League: Master
  • Spawn Location: 11:00

VOD

Have the link to the VOD?

Description

Time

  • Played on: Feb. 21, 2019, 4:30 p.m.
  • Length: 17:30
Show
View Real Time Build Order
Export as new Build Order

Okaneby Terran 

Build Orders: Gas First Reaper Expand 

Get SALT Encoding   

  12  0:00  SCV  
  13  0:12  SCV  
  14  0:17  Supply Depot  
  14  0:25  SCV  
  15  0:34  Refinery  
  15  0:39  SCV  
  16  0:45  Barracks  
  16  0:51  SCV  
  17  1:03  SCV  
  18  1:15  SCV  
  19  1:32  Orbital Command  
  19  1:33  Reaper  
  20  1:43  Command Center  
  20  1:57  Supply Depot  
  20  1:58  SCV  
  21  2:05  Barracks Reactor  
  21  2:11  SCV  
  21  2:13  Refinery  
  21  2:15  Factory  
  22  2:24  SCV  
  23  2:36  SCV  
  24  2:41  Marine x2  
  26  2:48  SCV  
  27  2:57  Orbital Command  
  27  3:00  Factory Tech Lab  
  27  3:01  Marine, SCV, Barracks  
  27  3:02  Marine  
  30  3:13  SCV  
  30  3:18  Cyclone  
  30  3:19  Marine  
  35  3:20  Marine  
  35  3:25  SCV  
  37  3:29  SCV  
  38  3:35  Supply Depot  
  38  3:41  Marine, Starport  
  38  3:43  Marine  
  38  3:46  SCV x2  
  41  3:58  SCV x2  
  41  4:01  Supply Depot  
  43  4:03  Factory Tech Lab  
  43  4:04  Marine x2  
  43  4:05  Marine  
  43  4:09  Stimpack  
  46  4:11  SCV  
  46  4:13  SCV  
  48  4:24  SCV  
  48  4:27  SCV, Refinery  
  48  4:28  Marine x3, Raven  
  55  4:38  Barracks  
  55  4:39  Supply Depot  
  55  4:40  SCV  
  55  4:46  SCV  
  55  4:48  Engineering Bay  
  57  4:52  SCV  
  57  4:54  Marine  
  57  4:55  Marine x2  
  57  4:59  SCV  
  61  5:01  Supply Depot  
  61  5:04  SCV  
  62  5:11  SCV  
  62  5:14  Marine, Factory Reactor  
  63  5:15  Marine x2  
  63  5:16  Terran Infantry Weapons Level 1  
  63  5:17  SCV  
  63  5:20  Starport Reactor  
  67  5:23  Supply Depot, SCV  
  67  5:26  Supply Depot  
  68  5:29  SCV  
  68  5:31  Combat Shield  
  68  5:33  Marine  
  68  5:34  Marine, Marauder  
  68  5:35  SCV  
  68  5:46  Marine  
  48  5:51  Marine x2  
  48  5:52  SCV  
  48  5:53  SCV  
  48  5:55  Marauder  
  40  6:04  Marine, SCV  
  40  6:09  Marine  
  41  6:12  Medivac  
  39  6:30  Marine x3  
  39  6:31  Marine, SCV  
  43  6:36  SCV  
  40  6:42  Widow Mine x2  
  40  6:43  SCV  
  45  6:48  Marine x2  
  45  6:49  Marauder  
  45  6:52  SCV  
  50  6:55  Marine  
  50  6:57  SCV  
  52  7:03  Medivac  
  52  7:04  SCV  
  52  7:05  Medivac  
  57  7:09  SCV  
  57  7:11  Terran Infantry Armor Level 1  
  58  7:17  SCV  
  58  7:21  Marine x2, SCV, Marauder  
  64  7:29  SCV, Marauder  
  67  7:32  Widow Mine x2  
  67  7:33  SCV  
  72  7:38  Marine  
  72  7:39  Marine, Supply Depot  
  72  7:41  SCV  
  75  7:45  SCV  
  75  7:47  Marauder  
  75  7:50  Marauder  
  80  7:52  Medivac  
  80  7:53  SCV, Medivac  
  85  8:02  Supply Depot  
  85  8:03  Supply Depot  
  85  8:07  Marine x2  
  85  8:08  SCV, Marauder  
  90  8:15  Marine  
  90  8:25  Marine  
  91  8:27  Marine  
  91  8:30  Marauder  
  91  8:33  Marine  
  83  8:48  Marine x2  
  81  8:50  SCV x2  
  81  8:51  Marine, Marauder  
  81  8:53  Command Center  
  86  9:02  Liberator x2  
  86  9:06  Marine x2  
  86  9:09  Marauder  
  90  9:10  Widow Mine  
  90  9:11  Widow Mine  
  90  9:12  Marauder  
  95  9:23  Marine  
  95  9:24  Marine  
  101  9:32  Marine  
  101  9:33  Marine  
  107  9:46  Liberator, Refinery  
  107  9:50  Armory  
  107  9:51  Marauder  
  107  9:52  Starport  
  105  9:54  Barracks  
  105  10:01  Marine x2, Liberator, Marauder, Factory Reactor  
  112  10:12  Marauder  
  114  10:19  SCV x2  
  119  10:36  Marine  
  115  10:45  Barracks Reactor  
  115  10:46  SCV x2, Orbital Command  
  117  10:57  Terran Infantry Weapons Level 2  
  117  10:58  SCV x2  
  117  10:59  Ghost Academy  
  117  11:00  Marine, Liberator  
  117  11:01  Marine, Marauder, Liberator  
  117  11:02  Marauder  
  125  11:06  Refinery  
  125  11:07  Refinery  
  131  11:18  Marine x2  
  131  11:24  SCV x3  
  136  11:31  Ghost  
  130  11:47  SCV x3  
  130  11:48  Ghost  
  130  11:49  Marine  
  130  11:50  Marine x3  
  136  11:59  Ghost, SCV x3  
  136  12:00  Supply Depot  
  137  12:11  SCV  
  137  12:19  SCV x2  
  138  12:23  SCV  
  138  12:28  Ghost  
  139  12:31  SCV x2  
  139  12:35  SCV  
  142  12:43  SCV, Refinery  
  142  12:44  SCV, Liberator  
  144  12:47  SCV  
  144  12:48  Marine  
  144  12:49  Marine x3, Marauder  
  149  12:53  Command Center  
  149  12:54  Barracks  
  149  12:55  Engineering Bay  
  149  12:56  SCV x2  
  151  12:59  SCV  
  157  13:12  Personal Cloaking  
  157  13:19  Supply Depot  
  155  13:21  Supply Depot, Terran Infantry Weapons Level 3, Terran Infantry Armor Level 2  
  155  13:26  Marauder x2  
  159  13:32  Sensor Tower, Liberator  
  159  13:34  SCV x3  
  162  13:46  SCV x2  
  162  13:47  Barracks Tech Lab  
  164  13:49  Marauder  
  164  13:53  SCV  
  170  13:57  Refinery  
  170  13:58  SCV  
  170  13:59  Refinery  
  171  14:03  Marine x4  
  171  14:04  Marauder  
  171  14:05  SCV  
  178  14:15  Viking x2  
  181  14:26  Factory  
  181  14:27  Factory Tech Lab  
  181  14:28  Marauder x2  
  181  14:29  Marauder  
  185  14:35  Viking x2  
  189  14:48  Thor  
  189  14:51  Planetary Fortress  
  195  14:55  Missile Turret  
  195  14:58  Missile Turret  
  195  15:11  Factory Tech Lab  
  159  15:39  Viking x4  
  159  15:41  Thor  
  159  15:42  Marauder x3  
  174  15:43  Marine x4  
  178  15:52  SCV x3  
  181  16:08  Supply Depot, Ghost x3  
  181  16:09  Supply Depot, Viking  
  181  16:11  Viking x3  
  195  16:27  Command Center  
  189  16:37  Factory Tech Lab  
  189  16:39  Viking  
  148  16:47  Marine  
  148  16:48  Marine x6  
  105  17:05  Marine  
  105  17:06  Marine x3, Marauder x3  
Show
View Real Time Build Order
Export as new Build Order

zuka Protoss - Winner!

Build Orders: Oracle Opening 

Get SALT Encoding   

  12  0:01  Probe  
  13  0:13  Probe  
  14  0:17  Pylon  
  14  0:24  Probe  
  15  0:31  Assimilator  
  15  0:32  Probe  
  16  0:43  Probe  
  16  0:44  Gateway  
  17  0:55  Probe  
  18  1:07  Probe  
  19  1:15  Probe  
  19  1:23  Probe  
  20  1:30  Cybernetics Core  
  21  1:33  Probe  
  22  1:47  Nexus  
  22  1:53  Pylon  
  22  2:02  Adept, Probe  
  22  2:05  Assimilator  
  23  2:11  Warp Gate  
  25  2:16  Probe  
  26  2:28  Probe  
  27  2:32  Adept  
  29  2:40  Probe, Stargate  
  30  2:47  Pylon  
  30  2:52  Probe  
  31  2:59  Probe  
  31  3:04  Probe  
  33  3:08  Probe  
  33  3:09  Twilight Council  
  34  3:14  Oracle  
  34  3:16  Probe x2  
  39  3:27  Probe  
  39  3:28  Probe  
  39  3:30  Shield Battery  
  39  3:33  Adept  
  43  3:39  Probe  
  43  3:40  Probe  
  45  3:45  Assimilator  
  45  3:49  Gateway  
  45  3:52  Probe  
  45  3:53  Probe  
  45  3:55  Resonating Glaives  
  47  3:57  Oracle  
  50  4:07  Gateway  
  50  4:14  Probe  
  51  4:18  Pylon  
  51  4:22  Probe  
  52  4:26  Probe  
  52  4:27  Pylon  
  53  4:36  Oracle  
  56  4:41  Probe x2  
  56  4:44  Assimilator  
  57  4:46  Adept x2  
  57  4:47  Pylon  
  61  5:02  Adept  
  63  5:07  Adept x2  
  63  5:13  Nexus  
  67  5:24  Pylon  
  67  5:26  Robotics Facility  
  68  5:28  Probe  
  68  5:29  Charge  
  68  5:46  Probe x2  
  64  5:57  Stalker x3  
  64  5:58  Probe x2  
  72  6:10  Probe x2, Pylon  
  71  6:16  Pylon  
  71  6:22  Probe x2, Gateway  
  66  6:34  Probe x2  
  66  6:37  Zealot x3  
  66  6:39  Observer  
  72  6:42  Gateway  
  72  6:45  Gateway  
  72  6:46  Probe x2  
  75  6:48  Gateway  
  75  6:51  Forge  
  75  6:52  Forge  
  75  6:53  Probe  
  76  6:55  Pylon  
  76  6:58  Probe x2  
  78  7:04  Zealot x2  
  78  7:05  Probe  
  78  7:07  Protoss Ground Weapons Level 1, Protoss Ground Armor Level 1  
  83  7:10  Probe x2  
  85  7:16  Gateway, Blink  
  85  7:17  Probe  
  85  7:22  Probe, Pylon  
  87  7:29  Probe  
  89  7:31  Assimilator  
  89  7:32  Assimilator, Templar Archives  
  88  7:45  Photon Cannon  
  88  7:48  Pylon  
  88  7:51  Pylon  
  88  7:52  Phoenix  
  88  7:55  Zealot x3  
  88  7:56  Zealot  
  98  7:59  Psionic Storm  
  98  8:06  Photon Cannon  
  98  8:09  Gateway  
  98  8:13  Photon Cannon  
  98  8:17  High Templar x2  
  98  8:18  High Templar x2  
  98  8:19  Zealot  
  108  8:27  Photon Cannon  
  108  8:32  Archon  
  108  8:34  Archon  
  101  8:36  Zealot x2  
  91  8:42  Zealot x2  
  91  8:46  Immortal  
  95  8:50  High Templar x2  
  95  8:51  High Templar x2  
  95  8:54  Archon  
  95  8:55  Archon  
  103  8:58  Zealot  
  103  8:59  Zealot  
  108  9:15  Zealot x3  
  114  9:23  Protoss Ground Weapons Level 2, Protoss Ground Armor Level 2  
  114  9:28  Zealot x4  
  114  9:29  Zealot x2  
  118  9:39  Probe x2  
  118  9:40  Probe  
  118  9:41  Zealot x2  
  118  9:42  Zealot  
  127  9:48  Photon Cannon  
  127  9:50  Photon Cannon  
  127  9:51  Shield Battery  
  127  9:53  High Templar x3  
  127  9:56  Pylon  
  133  10:01  High Templar  
  133  10:02  Zealot x4  
  133  10:03  Zealot  
  145  10:13  Robotics Bay  
  145  10:15  Warp Prism  
  141  10:30  Robotics Facility  
  135  10:35  Stalker  
  135  10:36  Stalker x4  
  135  10:37  Zealot x2  
  147  10:49  Colossus  
  148  10:51  Extended Thermal Lance  
  147  11:00  Pylon  
  147  11:01  Nexus  
  153  11:12  Dark Shrine, Pylon  
  153  11:25  Pylon  
  153  11:28  Colossus  
  153  11:33  Pylon, Zealot x2  
  153  11:35  Colossus  
  161  11:40  Zealot  
  161  11:42  Zealot  
  166  11:47  Protoss Ground Armor Level 3, Probe x2  
  166  11:51  Photon Cannon  
  168  12:01  Protoss Ground Weapons Level 3  
  168  12:11  Zealot x3  
  168  12:12  Zealot  
  162  12:31  Dark Templar x3  
  162  12:32  Dark Templar  
  166  12:42  Probe  
  166  12:43  Probe x2  
  170  12:50  Fleet Beacon  
  169  12:58  Stargate  
  165  13:06  Photon Cannon  
  165  13:08  Photon Cannon  
  165  13:10  Photon Cannon  
  165  13:11  Photon Cannon  
  165  13:16  Assimilator  
  165  13:19  Assimilator, Archon  
  165  13:21  Pylon  
  165  13:30  Stargate  
  165  13:31  Pylon x2  
  165  13:32  Photon Cannon, Tempest  
  165  13:33  Photon Cannon, Tempest  
  175  13:52  Pylon  
  175  13:54  Pylon  
  175  14:11  Tempest  
  175  14:14  Tempest  
  175  14:15  Nexus, Tempest  
  185  14:18  Pylon  
  185  14:20  Assimilator  
  190  14:24  Assimilator  
  190  14:40  Warp Prism  
  190  14:41  Protoss Air Weapons Level 1  
  190  14:45  Gateway  
  190  14:46  Gateway  
  190  14:51  Gateway  
  192  14:54  Tempest  
  197  15:05  Stalker  
  199  15:08  Cybernetics Core  
  193  15:31  Tempest x3  
  154  15:44  High Templar  
  154  15:45  High Templar x3  
  154  15:46  High Templar x4  
  154  15:47  Zealot  
  154  15:48  Zealot x3  
  154  15:49  Archon x3  
  178  15:50  Archon  
  178  16:10  High Templar x2  
  182  16:15  High Templar x2  
  182  16:17  High Templar  
  188  16:18  Zealot  
  188  16:19  Zealot  
  188  16:20  Zealot x2  
  188  16:21  Archon x2  
  188  16:25  High Templar  
  198  16:26  Zealot  
  198  16:28  Archon  
  198  16:46  Tempest x2  
  176  16:51  Zealot  
  176  16:52  Zealot x6  
  176  16:53  Zealot x3  
Tags
 
Add a new tag
Caveats
  • Supply blocks, unpowered buildings, or Contaminate may cause inaccurate times.
  • Supply counts are checked every 10 seconds.